 Dungeon Crawl Stone Soup version 0.19.0-11-g3fc08b3 (webtiles) character file.

72 Chiseanne the Magician (level 4, 2/30 HPs)
             Began as a Demonspawn Wizard on Nov 10, 2016.
             Quit the game on level 2 of the Dungeon.
             The game lasted 00:02:16 (2511 turns).

Chiseanne the Magician (Demonspawn Wizard)          Turns: 2511, Time: 00:02:16

Health: 2/30       AC:  4    Str:  7    XL:     4   Next: 7%
Magic:  0/10       EV: 12    Int: 20    God:
Gold:   76         SH:  0    Dex: 12    Spells: 1 memorised, 10 levels left

rFire  . . .     SeeInvis .     g - +4 dagger
rCold  . . .     Gourm    .     a - +0 robe
rNeg   . . .     Faith    .     (no shield)
rPois  .         Spirit   .     b - +0 hat
rElec  .         Reflect  .     (no cloak)
rCorr  .         Harm     .     (no gloves)
MR     .....                    (no boots)
Stlth  +++.......               (no amulet)
                                (no ring)
                                (no ring)

@: no status effects
A: slimy green scales 1, nightstalker 1, rot immunity
a: no special abilities


You were on level 2 of the Dungeon.
You were hungry.

You visited 1 branch of the dungeon, and saw 2 of its levels.

You collected 76 gold pieces.

Inventory:

Hand Weapons
 g - a +4 dagger (weapon)
Missiles
 e - 20 stones (quivered)
 h - 35 arrows
 o - 19 poisoned needles
 u - 5 sling bullets
Armour
 a - a +0 robe (worn)
 b - a +0 hat (worn)
Scrolls
 k - a scroll of random uselessness {unknown}
 l - a scroll of identify {unknown}
 p - a scroll of remove curse {unknown}
 q - a scroll of enchant weapon {unknown}
 s - a scroll of blinking {unknown}
 v - 3 scrolls of noise {unknown}
Potions
 f - a potion of cancellation {unknown}
 i - 3 potions of heal wounds {unknown}
 j - a potion of ambrosia {unknown}
 r - a potion of brilliance {unknown}
 t - a potion of berserk rage {unknown}
Books
 c - a book of Minor Magic

   Spells                             Type                      Level
   a - Magic Dart                     Conjuration                  1
   b - Blink                          Translocation                2
   c - Call Imp                       Summoning                    2
   d - Repel Missiles                 Charms/Air                   2
   e - Slow                           Hexes                        2
   f - Conjure Flame                  Conjuration/Fire             3
   g - Mephitic Cloud                 Conjuration/Poison/Air       3
Comestibles
 d - 2 bread rations
 m - a meat ration
 n - 2 royal jellies


   Skills:
 - Level 1.7 Dodging
 - Level 1.7 Stealth
 * Level 4.0 Spellcasting
 * Level 2.6 Conjurations
   Level 1.0 Summonings
   Level 0.8 Translocations


You had 10 spell levels left.
You knew the following spells:

 Your Spells              Type           Power        Failure   Level  Hunger
a - Magic Dart            Conj           ##..         4%          1    None


Dungeon Overview and Level Annotations

Branches:
Dungeon (2/15)

Altars:


Innate Abilities, Weirdness & Mutations

You are partially covered in slimy green scales. (AC +2)
You are slightly more attuned to the shadows.
You are immune to rotting.


Message History

Terence closely misses you.
Casting: Magic Dart
Confirm with . or Enter, or press ? or * to list all spells.
You don't have enough magic to cast that spell.
Casting: Magic Dart
Confirm with . or Enter, or press ? or * to list all spells.
You don't have enough magic to cast that spell.
Casting: Magic Dart
Confirm with . or Enter, or press ? or * to list all spells.
You don't have enough magic to cast that spell.
You hit Terence.
Terence is almost dead.
Terence closely misses you.
You hit Terence.
You kill Terence!
Your Spellcasting skill increases to level 4!
You have reached level 4!
You feel agile.
Your demonic ancestry asserts itself...
You slip into the darkness of the dungeon.
Are you sure you want to abandon this character and quit the game? (Confirm with "yes".)

....#.#####..######
.>................#
......#####..####.# ........#
#..# .# ......#.# #..# .#
.....##.# #..# ##.## #
....##.#.##..###...#.# ......#
#............#
###.##)#.#######@.[##.. #...##.#
##)## ##...##.####### .#
........##..... .. ...........#
### ......†.#..# ##########
##...##.#..# #.........
#...##....#############.########
######..................#


There were no monsters in sight!

Vanquished Creatures
  Terence (D:2)
  An adder (D:2)
  2 dart slugs
  2 giant cockroaches (D:1)
  4 hobgoblins
  4 kobolds (D:1)
  A quokka (D:2)
  9 bats
  4 frilled lizards
  A goblin (D:1)
  7 rats
36 creatures vanquished.

Notes
Turn   | Place    | Note
-------+----------+-------------------------------------------
     0 | D:1      | Chiseanne the Demonspawn Wizard began the quest for the Orb.
     0 | D:1      | Reached XP level 1. HP: 13/13 MP: 4/4
   425 | D:1      | Gained mutation: You are immune to rotting. [demonic ancestry]
   425 | D:1      | Reached XP level 2. HP: 17/19 MP: 1/6
  1850 | D:2      | Gained mutation: You are partially covered in slimy green scales. (AC +2) [demonic ancestry]
  1850 | D:2      | Reached XP level 3. HP: 24/24 MP: 5/8
  2489 | D:2      | Noticed Terence
  2504 | D:2      | HP: 1/24 [Terence/trident (4)]
  2510 | D:2      | Killed Terence
  2510 | D:2      | Reached skill level 4 in Spellcasting
  2510 | D:2      | Gained mutation: You are slightly more attuned to the shadows. [demonic ancestry]
  2510 | D:2      | Reached XP level 4. HP: 1/30 MP: 0/10
  2511 | D:2      | Quit the game

Skill      XL: |  1  2  3 |
---------------+----------+-----
Conjurations   | 2 |  2.6
Spellcasting   | 4 |  4.0
Dodging        | |  1.7
Stealth        | |  1.7
Summonings     | |  1.0
Translocations | |  0.8

Action                   |  1- 3 |  4- 6 || total
-------------------------+-------+-------++-------
Melee: Dagger            |    17 |       ||    17
 Cast: Magic Dart        |    91 |       ||    91
  Eat: Chunk             |     2 |       ||     2
       Royal jelly       |     1 |       ||     1
Armor: Robe              |     9 |       ||     9
Dodge: Dodged            |    24 |       ||    24
